 Dungeon Crawl Stone Soup version 0.30-a0-29-g142975f185 (webtiles) character file.

Game seed: 11768414426196806100

95 ytrimaz the Magician (level 4, 0/31 HPs)
             Began as a Djinni Hedge Wizard on Aug 27, 2022.
             Constricted to death by Natasha (4 damage)
             ... on level 3 of the Dungeon.
             The game lasted 00:02:47 (2622 turns).

ytrimaz the Magician (Djinni Hedge Wizard)          Turns: 2622, Time: 00:02:48

Health: 0/31       AC:  2    Str:  7 (9)  XL:     4   Next: 97%
Gold:   174        EV:  9    Int: 18      God:
                   SH:  0    Dex: 10 (12)

rFire   + + .      SeeInvis .    e - +1 dagger (distort)
rCold   x . .      Faith    .    (no shield)
rNeg    . . .      Spirit   .    b - +0 robe
rPois   ∞          Reflect  .    c - +0 hat
rElec   .          Harm     .    (no cloak)
rCorr   .          Rampage  .    (no gloves)
Will    .....                    (boots unavailable)
Stlth   ++........               (no amulet)
HPRegen 0.10/turn                d - ring of wizardry
MPRegen 0.00/turn                (no ring)

@: grasped by roots, on blink cooldown, flying, slowed, constricted, very slow
A: sickness immunity, fire resistance 2, cold vulnerability 1, float, innate
caster, HP casting, extra vitality 1
a: no special abilities


You were on level 3 of the Dungeon.
You visited 1 branch of the dungeon, and saw 3 of its levels.

You collected 174 gold pieces.

Inventory:

Hand Weapons
 a - a +0 dagger of freezing
 e - a +1 dagger of distortion (weapon)
Armour
 b - a +0 robe (worn)
 c - a +0 hat (worn)
Jewellery
 d - a ring of wizardry (left hand)
Wands
 l - a wand of mindburst (7)
Scrolls
 f - a scroll of poison {unknown}
 g - a scroll of teleportation
 i - a scroll of identify
 j - a scroll of enchant weapon
 k - a scroll of vulnerability


   Skills:
 * Level 0.6 Short Blades
 - Level 2.3 Dodging
 - Level 1.8 Stealth
 + Level 3.8 Spellcasting


You couldn't memorise any spells.
You knew the following spells:

 Your Spells              Type           Power      Damage    Failure   Level
a - Magic Dart            Conj           68%        1d6       1%          1
b - Blink                 Tloc           34%        N/A       1%          2
c - Call Imp              Summ           17%        N/A       1%          2
d - Slow                  Hex            68%        N/A       1%          1
e - Conjure Flame         Conj/Fire      17%        6-21      3%          3
f - Mephitic Cloud        Conj/Pois/Air  17%        N/A       3%          3
g - Apportation           Tloc           34%        N/A       1%          1
Your spell library was empty.

Dungeon Overview and Level Annotations

Branches:
Dungeon (3/15)

Altars:

Shops:
D:3 (

Annotations:
D:1 1 transporter
D:3 Natasha


Innate Abilities, Weirdness & Mutations

You are immune to sickness and miasma.
You are immune to poison.
Your flesh is very heat resistant. (rF++)
You are vulnerable to cold. (rC-)
You float through the air rather than walking.
You learn spells naturally, not from books.
Your magical power is your life essence.
You have superior vitality. (+4 MHP)


Message History

Natasha is lightly wounded.
Natasha drinks a potion.
Natasha seems to speed up.
An endoplasm comes into view.
The magic dart hits Natasha.
Natasha is moderately wounded.
The magic dart hits Natasha.
Natasha is heavily wounded.
Natasha casts a spell at you.
You feel yourself slow down.
Natasha zaps a wand.
The roots erupt in riotous growth!
The grasping roots grab you! The grasping roots constrict you.
A rat comes into view.
The magic dart hits the rat.
You kill the rat!
The grasping roots constrict you.
Natasha mewls in sadness.
The grasping roots constrict you.
The magic dart hits Natasha.
Natasha is heavily wounded.
The grasping roots constrict you. x2; Natasha claws you.
* * * LOW HITPOINT WARNING * * *
The grasping roots constrict you.
* * * LOW HITPOINT WARNING * * *
The grasping roots release their grip on you.
Unknown command.
Casting: Magic Dart (safe; 1% risk of failure)
Confirm with . or Enter, or press ? or * to list all spells.
You don't know that spell.
Casting: Magic Dart (safe; 1% risk of failure)
Confirm with . or Enter, or press ? or * to list all spells.
Okay, then.
Casting: Magic Dart (safe; 1% risk of failure)
Confirm with . or Enter, or press ? or * to list all spells.
You blink.
* * * LOW HITPOINT WARNING * * *
Natasha zaps a wand.
The roots erupt in riotous growth!
The grasping roots grab you! The grasping roots constrict you.
You die...

#.##.#.#
#....#.#
#.##.).#
#....#.##
##.###..# .
#...#..##
.?..##.#.#...###
#.$.J.§..∩....#
#####.h†.@..###
........##.#
###....## ##
#..#.# ......#
#..###.# ..> #.#
## ##


You could see Natasha (fast) and an endoplasm.

Vanquished Creatures
  An orc priest (D:3)
  An adder (D:2)
  A worm (D:2)
  2 dart slugs
  4 orcs (D:3)
  2 bats
  2 endoplasms
  2 giant cockroaches
  5 goblins
  3 hobgoblins
  5 kobolds (D:1)
  A quokka (D:3)
  6 ball pythons
  2 frilled lizards
  8 rats
45 creatures vanquished.

Notes
Turn   | Place    | Note
-------+----------+-------------------------------------------
     0 | D:1      | ytrimaz the Djinni Hedge Wizard began the quest for the
                  | Orb.
     0 | D:1      | ytrimaz set off with the following spells memorised: Magic
                  | Dart, Blink, Call Imp, Slow, Conjure Flame, Mephitic Cloud.
     0 | D:1      | Reached XP level 1. HP: 15/15 MP: 0/0
   140 | D:1      | Reached XP level 2. HP: 14/21 MP: 0/0
   488 | D:1      | Found a faded altar of an unknown god.
   544 | D:1      | Reached skill level 3 in Spellcasting
   679 | D:1      | Reached XP level 3. HP: 22/25 MP: 0/0
   679 | D:1      | Learned a level 1 spell: Apportation
  2081 | D:2      | Reached XP level 4. HP: 28/31 MP: 0/0
  2286 | D:3      | HP: 1/31 [orc priest/+0 trident (2)]
  2579 | D:3      | Found Jafurax's Antique Weapon Boutique.
  2616 | D:3      | Noticed Natasha
  2622 | D:3      | Constricted to death by Natasha

Illustrated notes

Levels and vault maps discovered:
D:1:      spicycebolla_arrival_risky_transporter, layout_rooms,
          dreamdust_ecumenical_altar_statues
D:2:      layout_loops_ring
D:3:      layout_basic, serial_shops, shop, uniq_natasha, uniq_ijyb

Skill      XL: |  1  2 |
---------------+-------+-----
Spellcasting   | 3 |  3.8
Short Blades   | |  0.6
Dodging        | |  2.3
Stealth        | |  1.8

Action                   |  1- 3 |  4- 6 || total
-------------------------+-------+-------++-------
Melee: Dagger            |    15 |    18 ||    33
 Cast: Magic Dart        |    66 |    17 ||    83
       Apportation       |     1 |       ||     1
       Blink             |       |     1 ||     1
  Use: Scroll            |     7 |     1 ||     8
       Potion            |     2 |     1 ||     3
Armor: Robe              |     1 |     4 ||     5
Dodge: Dodged            |     5 |    13 ||    18

Table legend: (Time is in decaauts)
 A = Elapsed time spent in this place.
 B = Non-inter-level travel time spent in this place.
 C = Inter-level travel time spent in this place.
 D = Time resting spent in this place.
 E = Time spent auto-exploring this place.
 F = Levels seen in this place.
 G = Mean time per level.
                   A        B        C        D        E       F      G
               +--------+--------+--------+--------+--------+-----+--------+
         Total |   2636 |   2565 |     71 |    278 |   2031 |   3 |  878.7 |
       Dungeon |   2636 |   2565 |     71 |    278 |   2031 |   3 |  878.7 |
               +--------+--------+--------+--------+--------+-----+--------+

Top non-repeatable levels by time:
     D:2: 1301 daAuts
     D:1: 896 daAuts
     D:3: 438 daAuts
